 Dungeon Crawl Stone Soup version 0.29.1-2-gbd0b4ee654 (webtiles) character file.

Game seed: 2781008147898044294

152 hawla the Chiller (level 5, 0/39 HPs)
             Began as a Meteoran Ice Elementalist on Nov 1, 2022.
             Slain by Anandil's ghost (12 damage)
             ... on level 3 of the Dungeon.
             The game lasted 00:09:05 (1691 turns).

hawla the Chiller (Meteoran Ice Elementalist)       Turns: 1691, Time: 00:09:06

Health: 0/39       AC:  4    Str:  9    XL:     5   Next: 92%
Magic:  12/12      EV: 13    Int: 19    God:
Gold:   72         SH:  0    Dex: 14    Spells: 8/12 levels left

rFire   + . .      SeeInvis .   p - +0 long sword
rCold   + . .      Faith    .   (no shield)
rNeg    . . .      Spirit   .   a - +0 robe
rPois   +          Reflect  .   m - +0 helmet "Sastrerriw" {-Tele Harm rPois Slay+2}
rElec   +          Harm     +   (no cloak)
rCorr   +          Rampage  .   j - +0 pair of gloves
Will    .....      NoTele   +   (no boots)
Stlth   +.........              (no amulet)
HPRegen 0.13/turn               (no ring)
MPRegen 0.13/turn               (no ring)

@: mighty, resistant, glowing, invisible (but backlit and visible)
A: sense surroundings 1, otherworldly, glowing, explore regen
a: no special abilities


You were on level 3 of the Dungeon.
You visited 1 branch of the dungeon, and saw 3 of its levels.

You collected 224 gold pieces.
You spent 152 gold pieces at shops.

Inventory:

Hand Weapons
 p - a +0 long sword (weapon)
Armour
 a - a +0 robe (worn)
 j - a +0 pair of gloves (worn)
 k - a +0 helmet
 m - the +0 helmet "Sastrerriw" (worn) {-Tele Harm rPois Slay+2}
   (You bought it in a shop on level 1 of the Dungeon)

   Slay:      It affects your accuracy & damage with ranged weapons and melee
   (+2).
   rPois:     It protects you from poison.
   -Tele:     It prevents most forms of teleportation.
   Harm:      It increases damage dealt and taken.
Jewellery
 f - a ring of fire
Wands
 q - a wand of roots (6)
Scrolls
 h - a scroll of amnesia
 r - a scroll of identify {unknown}
Potions
 b - a potion of magic
 c - a potion of resistance
 d - a potion of invisibility
 e - a potion of might
 g - 2 potions of heal wounds {unknown}
 i - 2 potions of attraction {unknown}
 l - a potion of mutation {unknown}
 n - a potion of ambrosia {unknown}


   Skills:
 + Level 0.3 Fighting
 + Level 3.8 Dodging
 - Level 1.4 Stealth
 + Level 4.3 Spellcasting
 + Level 5.6 Ice Magic


You had 8 spell levels left.
You knew the following spells:

 Your Spells              Type           Power      Damage    Failure   Level
a - Freeze                Ice            100%       1d11      1%          1
b - Frozen Ramparts       Ice            50%        1d8       4%          3

Your spell library contained the following spells:

 Spells                   Type           Power      Damage    Failure   Level
 Ozocubu's Armour         Ice            25%        N/A       4%          3
 Hailstorm                Conj/Ice       14%        3d5       38%         4


Dungeon Overview and Level Annotations

Branches:
Dungeon (3/15) Zot: 101

Altars:

Shops:
D:1 :[

Annotations:
D:3 Anandil's ghost, novice DsGl


Innate Abilities, Weirdness & Mutations

You passively map a small area around you.
You are easily found by Zot.
You glow in the dark.
You regain HP and MP as you explore.


Message History

You slash Anandil's ghost!
Anandil's ghost is lightly damaged.
The wall freezes Anandil's ghost but does no damage.
Anandil's ghost barely misses you.
You closely miss Anandil's ghost.
Anandil's ghost is lightly damaged.
The frozen ramparts melt away.
Anandil's ghost hits you.
As you read the scroll labelled TULUGI QAKHLINT, it crumbles to dust.
It is a scroll of amnesia.
Really abort (and waste the scroll)? [Y]es or [N]o only, please.
Really abort (and waste the scroll)?
Okay, then.
Anandil's ghost barely misses you.
This is a scroll of acquirement!
Something appears at your feet! Anandil's ghost closely misses you.
Unknown command.
It was a potion of resistance.
You feel protected.
Anandil's ghost hits you but does no damage.
It was a potion of invisibility.
You become transparent, but the glow from your body prevents you from becoming completely invisible.
Anandil's ghost closely misses you.
It was a potion of might.
You feel very mighty all of a sudden. Anandil's ghost hits you.
You slice Anandil's ghost!!
Anandil's ghost is heavily damaged.
Anandil's ghost hits you.
Anandil's ghost hits you but does no damage.
You slash Anandil's ghost!
Anandil's ghost is almost destroyed.
Anandil's ghost barely misses you.
You hit Anandil's ghost.
Anandil's ghost is almost destroyed.
Anandil's ghost barely misses you. x2
You barely miss Anandil's ghost.
Anandil's ghost is almost destroyed.
Anandil's ghost hits you!
You die...

, *,#.#...#..# #
#.#...#..# *
####.#.#.#.#..# ,
...........#..# ,, **
######..########
##........... * *
#############..#.#######.
* ~~~~~~#.##.....#.... **
~?~~~~†W@.......#### ,
~~~~~~#.#..........#,
#########........#.#,
#........# # , * *
**#.........# , , ,
...........# * ,,*
#############* , , * , ,
, , , ,,,, , , ,


You could see Anandil's ghost.

Vanquished Creatures
  2 orc priests (D:3)
  3 adders
  A worm (D:3)
  A dart slug (D:3)
  6 orcs (D:3)
  3 ball pythons (D:1)
  6 endoplasms
  3 giant cockroaches
  6 goblins
  7 hobgoblins
  2 kobolds
  A quokka (D:3)
  4 bats
  4 frilled lizards
  4 rats (D:2)
53 creatures vanquished.

Notes
Turn   | Place    | Note
-------+----------+-------------------------------------------
     0 | D:1      | hawla the Meteoran Ice Elementalist began the quest for the
                  | Orb.
     0 | D:1      | Reached XP level 1. HP: 14/14 MP: 5/5
    87 | D:1      | Reached XP level 2. HP: 12/20 MP: 4/6
   276 | D:1      | Found Otasugg's Antique Armour Shoppe.
   342 | D:1      | Found Kaw Qaci's Vocational Training.
   459 | D:1      | Reached XP level 3. HP: 23/26 MP: 5/8
   463 | D:1      | Learned a level 3 spell: Frozen Ramparts
   500 | D:1      | Glimpsed the power of Zot.
   804 | D:2      | Reached skill level 5 in Ice Magic
   852 | D:2      | Reached XP level 4. HP: 27/33 MP: 6/10
  1007 | D:1      | Bought a twisted helmet for 152 gold pieces
  1007 | D:1      | Identified the +0 helmet "Sastrerriw" {-Tele Harm rPois
                  | Slay+2} (You bought it in a shop on level 1 of the Dungeon)
  1492 | D:3      | Reached XP level 5. HP: 16/39 MP: 7/12
  1648 | D:3      | Found a runed translucent door.
  1671 | D:3      | Noticed Anandil's ghost (novice DsGl)
  1684 | D:3      | Identified a scroll of acquirement
  1684 | D:3      | Acquired the +0 pair of boots "Tageadidu" {Contam Str+9
                  | Stlth+}
  1691 | D:3      | Slain by Anandil's ghost

Illustrated notes

Levels and vault maps discovered:
D:1:      lightli_arrival_statue_moat, layout_basic, serial_shops, shop_coins,
          nicolae_shop_vocational
D:2:      layout_rooms
D:3:      layout_basic, ebering_ghost_sewer_f, hangedman_decor_points,
          chequers_avenue

Skill      XL: |  1  2  3  4 |
---------------+-------------+-----
Spellcasting   | 3 4 |  4.3
Dodging        | 3 |  3.8
Ice Magic      | 5 |  5.6
Fighting       | |  0.3
Stealth        | |  1.4

Action                   |  1- 3 |  4- 6 || total
-------------------------+-------+-------++-------
Melee: Unarmed           |     9 |    18 ||    27
       Long sword        |       |    15 ||    15
 Cast: Freeze            |    40 |     8 ||    48
       Frozen Ramparts   |     7 |     9 ||    16
  Use: Scroll            |       |     3 ||     3
       Potion            |       |     3 ||     3
Armor: Robe              |     6 |    13 ||    19
Dodge: Dodged            |    25 |    29 ||    54
